 Dungeon Crawl Stone Soup version 0.30.0-20-g3615ddf2f0 (webtiles) character file.

Game seed: 4734878455497196979

448 qw the Chopper (level 7, 43/43 HPs)
             Began as a Gargoyle Fighter on June 2, 2023.
             Quit the game on level 7 of the Dungeon.
             The game lasted 00:06:44 (3768 turns).

qw the Chopper (Gargoyle Fighter)                   Turns: 3768, Time: 00:06:45

Health: 43/43      AC: 15    Str: 28    XL:     7   Next: 4%
Magic:  7/7        EV:  9    Int:  8    God:
Gold:   193        SH:  4    Dex:  9    Spells: 6/6 levels left

rFire   . . .        Y - +0 war axe
rCold   . . .        c - +0 buckler
rNeg    + . .        f - +0 chain mail
rPois   inf          (no helmet)
rElec   +            (no cloak)
rCorr   .            (no gloves)
SInv    .            e - +0 pair of boots
Will    .....        (no amulet) Stlth
                     h - +6 ring of strength
HPRegen 0.27/turn    (no ring)
MPRegen 0.10/turn

%: no passive effects
@: no status effects
A: sickness immunity, AC +4, negative energy resistance 1, electricity
resistance, torment resistance 1, petrification resistance
a: no special abilities


You were on level 7 of the Dungeon.
You visited 1 branch of the dungeon, and saw 5 of its levels.

You collected 193 gold pieces.


Innate Abilities, Weirdness & Mutations

You are immune to sickness and miasma.
Your stone body is resilient. (AC +4)
You are immune to poison.
You resist negative energy. (rN+)
You are resistant to electric shocks. (rElec)
You are resistant to unholy torment.
You are immune to petrification.


   Skills:
 - Level 4.0 Fighting
 + Level 6.2 Axes
 - Level 3.2 Armour
 - Level 1.1 Dodging
 - Level 3.2 Shields


You had 6 spell levels left.
You didn't know any spells.
Your spell library was empty.

Inventory:

Hand Weapons
 l - a +0 flail
 Y - a +0 war axe (weapon)
Armour
 c - a +0 buckler (worn)
 e - a +0 pair of boots (worn)
 f - a +0 chain mail (worn)
Jewellery
 h - a +6 ring of strength (left hand)
Scrolls
 k - a scroll of identify
Potions
 a - a potion of heal wounds {unknown}
 d - 3 potions of might
 g - a potion of degeneration {unknown}
 j - a potion of curing

Dungeon Overview and Level Annotations

Branches:
Dungeon (7/15)
 Temple: D:4-7

Altars:
Fedhas
Hepliaklqana
Makhleb
Vehumet

Annotations:
D:7 Menkaure


Message History

Where to? (* - list waypoints, Enter - D:6, ? - help)
What level of the Dungeon? (default 1, ? - help) Sorry, I don't know how to get there.
3760 ||| Stepping randomly (stuck).
(D) Dungeon
Where to? (* - list waypoints, Enter - D:6, ? - help)
What level of the Dungeon? (default 1, ? - help) Sorry, I don't know how to get there.
3761 ||| Stepping randomly (stuck).
(D) Dungeon
Where to? (* - list waypoints, Enter - D:6, ? - help)
What level of the Dungeon? (default 1, ? - help) Sorry, I don't know how to get there.
3762 ||| Stepping randomly (stuck).
(D) Dungeon
Where to? (* - list waypoints, Enter - D:6, ? - help)
What level of the Dungeon? (default 1, ? - help) Sorry, I don't know how to get there.
3763 ||| Stepping randomly (stuck).
(D) Dungeon
Where to? (* - list waypoints, Enter - D:6, ? - help)
What level of the Dungeon? (default 1, ? - help) Sorry, I don't know how to get there.
3764 ||| Stepping randomly (stuck).
(D) Dungeon
Where to? (* - list waypoints, Enter - D:6, ? - help)
What level of the Dungeon? (default 1, ? - help) Sorry, I don't know how to get there.
3765 ||| Stepping randomly (stuck).
(D) Dungeon
Where to? (* - list waypoints, Enter - D:6, ? - help)
What level of the Dungeon? (default 1, ? - help) Sorry, I don't know how to get there.
3766 ||| Stepping randomly (stuck).
(D) Dungeon
Where to? (* - list waypoints, Enter - D:6, ? - help)
What level of the Dungeon? (default 1, ? - help) Sorry, I don't know how to get there.
3767 ||| Stepping randomly (stuck).
Are you sure you want to abandon this character and quit the game? (Confirm with "yes".)

...#........#.#..#
#.##...######.#..#
#.##...# #.####
#.##...# #.#
#.##...# #.#
#.##...# #.#
##.#....# #.#
#.......#
####.@..# #....#
#....# #..#.#
##.#.# ....#
.##### .. .#


There were no monsters in sight!

Vanquished Creatures
  4 killer bees (D:7)
  2 orc priests
  A hound (D:3)
  A jelly (D:7)
  An iguana (D:7)
  3 adders
  2 worms
  A dart slug (D:2)
  8 orcs
  6 ball pythons
  4 bats
  An endoplasm (D:1)
  3 giant cockroaches
  9 goblins
  5 hobgoblins
  5 jackals
  8 kobolds
  7 quokkas
  3 frilled lizards
  12 rats
86 creatures vanquished.

Notes
Turn   | Place    | Note
-------+----------+-------------------------------------------
     0 | D:1      | qw the Gargoyle Fighter began the quest for the Orb.
     0 | D:1      | Reached XP level 1. HP: 14/14 MP: 1/1
     0 | D:1      | 0 ||| qw: Version: 0.2-a-102-gdf20003
     0 | D:1      | 0 ||| qw: Game counter: 790
     0 | D:1      | 0 ||| qw: Always use a shield: true
     0 | D:1      | 0 ||| qw: God list: Okawaru
     0 | D:1      | 0 ||| qw: Allow faded altars: false
     0 | D:1      | 0 ||| qw: Do Orc after D:15 true
     0 | D:1      | 0 ||| qw: Do second Lair branch before Depths: true
     0 | D:1      | 0 ||| qw: Lair rune preference: random
     0 | D:1      | 0 ||| qw: Plans: Normal, Zot:1-4, Slime:5, God:TSO, Crypt,
                  | Tomb, Pan, Hells, Abyss, Win
     0 | D:1      | 0 ||| PLANNING D:1-11
    33 | D:1      | Reached skill level 2 in Axes
    83 | D:1      | Reached XP level 2. HP: 19/19 MP: 2/2
   105 | D:1      | 105 ||| Stepping ~*~*~tactically~*~*~ (hiding).
   286 | D:1      | 286 ||| Stepping ~*~*~tactically~*~*~ (stealth).
   288 | D:1      | 288 ||| Stepping ~*~*~tactically~*~*~ (stealth).
   305 | D:1      | 305 ||| DROPPING +0 club.
   337 | D:1      | 337 ||| Stepping ~*~*~tactically~*~*~ (stealth).
   339 | D:1      | 339 ||| Stepping ~*~*~tactically~*~*~ (stealth).
   386 | D:1      | Reached skill level 3 in Axes
   517 | D:1      | Found a faded altar of an unknown god.
   518 | D:1      | Noticed a golden eye
   526 | D:1      | Reached XP level 3. HP: 23/23 MP: 3/3
   528 | D:1      | Noticed a floating eye
   528 | D:1      | Noticed a great orb of eyes
   528 | D:1      | Noticed a golden eye
   669 | D:1      | 669 ||| UPGRADING to +6 ring of strength.
   670 | D:1      | 670 ||| READING scroll labelled JUHEAN UNAPNI.
   671 | D:1      | 671 ||| READING scroll labelled ENKIUM ZOLE.
   674 | D:1      | 674 ||| READING 2 scrolls labelled FOCUTEY XOILIPN.
   675 | D:1      | 675 ||| READING scroll labelled YRIUGH SESS.
   676 | D:1      | 676 ||| DRINKING 3 fizzy orange potions.
   677 | D:1      | 677 ||| DRINKING 2 red potions.
   678 | D:1      | 678 ||| DROPPING 2 potions of magic.
   679 | D:1      | 679 ||| DROPPING scroll of noise.
   986 | D:2      | 986 ||| Stepping ~*~*~tactically~*~*~ (hiding).
   987 | D:2      | 987 ||| Stepping ~*~*~tactically~*~*~ (hiding).
  1182 | D:2      | Found a burning altar of Makhleb.
  1193 | D:2      | Reached XP level 4. HP: 26/28 MP: 4/4
  1208 | D:2      | 1208 ||| Stepping ~*~*~tactically~*~*~ (stealth).
  1475 | D:2      | 1475 ||| DROPPING ring of wizardry.
  1516 | D:3      | 1516 ||| Stepping ~*~*~tactically~*~*~ (hiding).
  1519 | D:3      | 1519 ||| Stepping ~*~*~tactically~*~*~ (hiding).
  1548 | D:3      | Reached skill level 4 in Axes
  1714 | D:3      | 1714 ||| Stepping ~*~*~tactically~*~*~ (stealth).
  1783 | D:3      | Reached XP level 5. HP: 32/32 MP: 5/5
  1807 | D:3      | 1807 ||| DROPPING +0 whip.
  1842 | D:3      | Found a blossoming altar of Fedhas.
  1972 | D:3      | 1972 ||| UPGRADING to +0 pair of boots.
  1977 | D:3      | 1977 ||| UPGRADING to +0 chain mail.
  1987 | D:3      | 1987 ||| DROPPING +0 scale mail.
  1988 | D:3      | 1988 ||| READING 3 scrolls labelled COZULUAGHUHIY.
  1989 | D:3      | 1989 ||| READING scroll labelled DOESHROC AGHEIW.
  1990 | D:3      | 1990 ||| READING 2 scrolls labelled SOLI HIAVVEZA.
  1991 | D:3      | 1991 ||| DROPPING 2 scrolls of magic mapping.
  2000 | D:4      | 2000 ||| STAIRDANCE
  2008 | D:3      | Reached skill level 5 in Axes
  2114 | D:4      | Found a radiant altar of Vehumet.
  2212 | D:4      | You fall into a shaft and drop 3 floors!
  2214 | D:7      | 2214 ||| Stepping ~*~*~tactically~*~*~ (stealth).
  2215 | D:7      | 2215 ||| Stepping ~*~*~tactically~*~*~ (stealth).
  2251 | D:7      | 2251 ||| Stepping ~*~*~tactically~*~*~ (stealth).
  2264 | D:7      | HP: 4/33 [killer bee (7)]
  2267 | D:7      | Reached XP level 6. HP: 6/38 MP: 6/6
  2396 | D:7      | Found a hazy altar of Hepliaklqana.
  2419 | D:7      | 2419 ||| Stepping ~*~*~tactically~*~*~ (stealth).
  2515 | D:7      | Noticed Menkaure
  2525 | D:7      | HP: 8/38 [killer bee (2)]
  2526 | D:7      | 2526 ||| READING scroll of teleportation.
  2527 | D:7      | HP: 3/38 [killer bee (4)]
  2661 | D:7      | 2661 ||| Stepping randomly (stuck).
  2662 | D:7      | 2662 ||| Stepping randomly (stuck).
  2663 | D:7      | 2663 ||| Stepping randomly (stuck).
  2664 | D:7      | 2664 ||| Stepping randomly (stuck).
  2665 | D:7      | 2665 ||| Stepping randomly (stuck).
  2666 | D:7      | 2666 ||| Stepping randomly (stuck).
  2667 | D:7      | 2667 ||| Stepping randomly (stuck).
  2668 | D:7      | 2668 ||| Stepping randomly (stuck).
  2669 | D:7      | 2669 ||| Stepping randomly (stuck).
  2670 | D:7      | 2670 ||| Stepping randomly (stuck).
  2671 | D:7      | 2671 ||| Stepping randomly (stuck).
  2672 | D:7      | 2672 ||| Stepping randomly (stuck).
  2673 | D:7      | 2673 ||| Stepping randomly (stuck).
  2674 | D:7      | 2674 ||| Stepping randomly (stuck).
  2675 | D:7      | 2675 ||| Stepping randomly (stuck).
  2676 | D:7      | 2676 ||| Stepping randomly (stuck).
  2677 | D:7      | 2677 ||| Stepping randomly (stuck).
  2678 | D:7      | 2678 ||| Stepping randomly (stuck).
  2679 | D:7      | 2679 ||| Stepping randomly (stuck).
  2680 | D:7      | 2680 ||| Stepping randomly (stuck).
  2681 | D:7      | 2681 ||| Stepping randomly (stuck).
  2682 | D:7      | 2682 ||| Stepping randomly (stuck).
  2683 | D:7      | 2683 ||| Stepping randomly (stuck).
  2684 | D:7      | 2684 ||| Stepping randomly (stuck).
  2685 | D:7      | 2685 ||| Stepping randomly (stuck).
  2686 | D:7      | 2686 ||| Stepping randomly (stuck).
  2687 | D:7      | 2687 ||| Stepping randomly (stuck).
  2688 | D:7      | 2688 ||| Stepping randomly (stuck).
  2689 | D:7      | 2689 ||| Stepping randomly (stuck).
  2690 | D:7      | 2690 ||| Stepping randomly (stuck).
  2691 | D:7      | 2691 ||| Stepping randomly (stuck).
  2692 | D:7      | 2692 ||| Stepping randomly (stuck).
  2693 | D:7      | 2693 ||| Stepping randomly (stuck).
  2694 | D:7      | 2694 ||| Stepping randomly (stuck).
  2695 | D:7      | 2695 ||| Stepping randomly (stuck).
  2696 | D:7      | 2696 ||| Stepping randomly (stuck).
  2697 | D:7      | 2697 ||| Stepping randomly (stuck).
  2698 | D:7      | 2698 ||| Stepping randomly (stuck).
  2699 | D:7      | 2699 ||| Stepping randomly (stuck).
  2700 | D:7      | 2700 ||| Stepping randomly (stuck).
  2701 | D:7      | 2701 ||| Stepping randomly (stuck).
  2702 | D:7      | 2702 ||| Stepping randomly (stuck).
  2703 | D:7      | 2703 ||| Stepping randomly (stuck).
  2704 | D:7      | 2704 ||| Stepping randomly (stuck).
  2705 | D:7      | 2705 ||| Stepping randomly (stuck).
  2706 | D:7      | 2706 ||| Stepping randomly (stuck).
  2707 | D:7      | 2707 ||| Stepping randomly (stuck).
  2708 | D:7      | 2708 ||| Stepping randomly (stuck).
  2709 | D:7      | 2709 ||| Stepping randomly (stuck).
  2710 | D:7      | 2710 ||| Stepping randomly (stuck).
  2711 | D:7      | 2711 ||| Stepping randomly (stuck).
  2712 | D:7      | 2712 ||| Stepping randomly (stuck).
  2713 | D:7      | 2713 ||| Stepping randomly (stuck).
  2714 | D:7      | 2714 ||| Stepping randomly (stuck).
  2715 | D:7      | 2715 ||| Stepping randomly (stuck).
  2716 | D:7      | 2716 ||| Stepping randomly (stuck).
  2717 | D:7      | 2717 ||| Stepping randomly (stuck).
  2718 | D:7      | 2718 ||| Stepping randomly (stuck).
  2719 | D:7      | 2719 ||| Stepping randomly (stuck).
  2720 | D:7      | 2720 ||| Stepping randomly (stuck).
  2721 | D:7      | 2721 ||| Stepping randomly (stuck).
  2722 | D:7      | 2722 ||| Stepping randomly (stuck).
  2723 | D:7      | 2723 ||| Stepping randomly (stuck).
  2724 | D:7      | 2724 ||| Stepping randomly (stuck).
  2725 | D:7      | 2725 ||| Stepping randomly (stuck).
  2726 | D:7      | 2726 ||| Stepping randomly (stuck).
  2727 | D:7      | 2727 ||| Stepping randomly (stuck).
  2728 | D:7      | 2728 ||| Stepping randomly (stuck).
  2729 | D:7      | 2729 ||| Stepping randomly (stuck).
  2730 | D:7      | 2730 ||| Stepping randomly (stuck).
  2731 | D:7      | 2731 ||| Stepping randomly (stuck).
  2732 | D:7      | 2732 ||| Stepping randomly (stuck).
  2733 | D:7      | 2733 ||| Stepping randomly (stuck).
  2734 | D:7      | 2734 ||| Stepping randomly (stuck).
  2735 | D:7      | 2735 ||| Stepping randomly (stuck).
  2736 | D:7      | 2736 ||| Stepping randomly (stuck).
  2737 | D:7      | 2737 ||| Stepping randomly (stuck).
  2738 | D:7      | 2738 ||| Stepping randomly (stuck).
  2739 | D:7      | 2739 ||| Stepping randomly (stuck).
  2740 | D:7      | 2740 ||| Stepping randomly (stuck).
  2741 | D:7      | 2741 ||| Stepping randomly (stuck).
  2742 | D:7      | 2742 ||| Stepping randomly (stuck).
  2743 | D:7      | 2743 ||| Stepping randomly (stuck).
  2744 | D:7      | 2744 ||| Stepping randomly (stuck).
  2745 | D:7      | 2745 ||| Stepping randomly (stuck).
  2746 | D:7      | 2746 ||| Stepping randomly (stuck).
  2747 | D:7      | 2747 ||| Stepping randomly (stuck).
  2748 | D:7      | 2748 ||| Stepping randomly (stuck).
  2749 | D:7      | 2749 ||| Stepping randomly (stuck).
  2750 | D:7      | 2750 ||| Stepping randomly (stuck).
  2751 | D:7      | 2751 ||| Stepping randomly (stuck).
  2752 | D:7      | 2752 ||| Stepping randomly (stuck).
  2753 | D:7      | 2753 ||| Stepping randomly (stuck).
  2754 | D:7      | 2754 ||| Stepping randomly (stuck).
  2755 | D:7      | 2755 ||| Stepping randomly (stuck).
  2756 | D:7      | 2756 ||| Stepping randomly (stuck).
  2757 | D:7      | 2757 ||| Stepping randomly (stuck).
  2758 | D:7      | 2758 ||| Stepping randomly (stuck).
  2759 | D:7      | 2759 ||| Stepping randomly (stuck).
  2760 | D:7      | 2760 ||| Stepping randomly (stuck).
  2761 | D:7      | 2761 ||| Stepping randomly (stuck).
  2762 | D:7      | 2762 ||| Stepping randomly (stuck).
  2763 | D:7      | 2763 ||| Stepping randomly (stuck).
  2764 | D:7      | 2764 ||| Stepping randomly (stuck).
  2765 | D:7      | 2765 ||| Stepping randomly (stuck).
  2766 | D:7      | 2766 ||| Stepping randomly (stuck).
  2767 | D:7      | 2767 ||| Stepping randomly (stuck).
  2768 | D:7      | 2768 ||| Stepping randomly (stuck).
  2769 | D:7      | 2769 ||| Stepping randomly (stuck).
  2770 | D:7      | 2770 ||| Stepping randomly (stuck).
  2771 | D:7      | 2771 ||| Stepping randomly (stuck).
  2772 | D:7      | 2772 ||| Stepping randomly (stuck).
  2773 | D:7      | 2773 ||| Stepping randomly (stuck).
  2774 | D:7      | 2774 ||| Stepping randomly (stuck).
  2775 | D:7      | 2775 ||| Stepping randomly (stuck).
  2776 | D:7      | 2776 ||| Stepping randomly (stuck).
  2777 | D:7      | 2777 ||| Stepping randomly (stuck).
  2778 | D:7      | 2778 ||| Stepping randomly (stuck).
  2779 | D:7      | 2779 ||| Stepping randomly (stuck).
  2780 | D:7      | 2780 ||| Stepping randomly (stuck).
  2781 | D:7      | 2781 ||| Stepping randomly (stuck).
  2782 | D:7      | 2782 ||| Stepping randomly (stuck).
  2783 | D:7      | 2783 ||| Stepping randomly (stuck).
  2784 | D:7      | 2784 ||| Stepping randomly (stuck).
  2785 | D:7      | 2785 ||| Stepping randomly (stuck).
  2786 | D:7      | 2786 ||| Stepping randomly (stuck).
  2787 | D:7      | 2787 ||| Stepping randomly (stuck).
  2788 | D:7      | 2788 ||| Stepping randomly (stuck).
  2789 | D:7      | 2789 ||| Stepping randomly (stuck).
  2790 | D:7      | 2790 ||| Stepping randomly (stuck).
  2791 | D:7      | 2791 ||| Stepping randomly (stuck).
  2792 | D:7      | 2792 ||| Stepping randomly (stuck).
  2793 | D:7      | 2793 ||| Stepping randomly (stuck).
  2794 | D:7      | 2794 ||| Stepping randomly (stuck).
  2795 | D:7      | 2795 ||| Stepping randomly (stuck).
  2796 | D:7      | 2796 ||| Stepping randomly (stuck).
  2797 | D:7      | 2797 ||| Stepping randomly (stuck).
  2798 | D:7      | 2798 ||| Stepping randomly (stuck).
  2799 | D:7      | 2799 ||| Stepping randomly (stuck).
  2800 | D:7      | 2800 ||| Stepping randomly (stuck).
  2801 | D:7      | 2801 ||| Stepping randomly (stuck).
  2802 | D:7      | 2802 ||| Stepping randomly (stuck).
  2803 | D:7      | 2803 ||| Stepping randomly (stuck).
  2804 | D:7      | 2804 ||| Stepping randomly (stuck).
  2805 | D:7      | 2805 ||| Stepping randomly (stuck).
  2806 | D:7      | 2806 ||| Stepping randomly (stuck).
  2807 | D:7      | 2807 ||| Stepping randomly (stuck).
  2808 | D:7      | 2808 ||| Stepping randomly (stuck).
  2809 | D:7      | 2809 ||| Stepping randomly (stuck).
  2810 | D:7      | 2810 ||| Stepping randomly (stuck).
  2811 | D:7      | 2811 ||| Stepping randomly (stuck).
  2812 | D:7      | 2812 ||| Stepping randomly (stuck).
  2813 | D:7      | 2813 ||| Stepping randomly (stuck).
  2814 | D:7      | 2814 ||| Stepping randomly (stuck).
  2815 | D:7      | 2815 ||| Stepping randomly (stuck).
  2816 | D:7      | 2816 ||| Stepping randomly (stuck).
  2817 | D:7      | 2817 ||| Stepping randomly (stuck).
  2818 | D:7      | 2818 ||| Stepping randomly (stuck).
  2819 | D:7      | 2819 ||| Stepping randomly (stuck).
  2820 | D:7      | 2820 ||| Stepping randomly (stuck).
  2821 | D:7      | 2821 ||| Stepping randomly (stuck).
  2822 | D:7      | 2822 ||| Stepping randomly (stuck).
  2823 | D:7      | 2823 ||| Stepping randomly (stuck).
  2824 | D:7      | 2824 ||| Stepping randomly (stuck).
  2825 | D:7      | 2825 ||| Stepping randomly (stuck).
  2826 | D:7      | 2826 ||| Stepping randomly (stuck).
  2827 | D:7      | 2827 ||| Stepping randomly (stuck).
  2828 | D:7      | 2828 ||| Stepping randomly (stuck).
  2829 | D:7      | 2829 ||| Stepping randomly (stuck).
  2830 | D:7      | 2830 ||| Stepping randomly (stuck).
  2831 | D:7      | 2831 ||| Stepping randomly (stuck).
  2832 | D:7      | 2832 ||| Stepping randomly (stuck).
  2833 | D:7      | 2833 ||| Stepping randomly (stuck).
  2834 | D:7      | 2834 ||| Stepping randomly (stuck).
  2835 | D:7      | 2835 ||| Stepping randomly (stuck).
  2836 | D:7      | 2836 ||| Stepping randomly (stuck).
  2837 | D:7      | 2837 ||| Stepping randomly (stuck).
  2838 | D:7      | 2838 ||| Stepping randomly (stuck).
  2839 | D:7      | 2839 ||| Stepping randomly (stuck).
  2840 | D:7      | 2840 ||| Stepping randomly (stuck).
  2841 | D:7      | 2841 ||| Stepping randomly (stuck).
  2842 | D:7      | 2842 ||| Stepping randomly (stuck).
  2843 | D:7      | 2843 ||| Stepping randomly (stuck).
  2844 | D:7      | 2844 ||| Stepping randomly (stuck).
  2845 | D:7      | 2845 ||| Stepping randomly (stuck).
  2846 | D:7      | 2846 ||| Stepping randomly (stuck).
  2847 | D:7      | 2847 ||| Stepping randomly (stuck).
  2848 | D:7      | 2848 ||| Stepping randomly (stuck).
  2849 | D:7      | 2849 ||| Stepping randomly (stuck).
  2850 | D:7      | 2850 ||| Stepping randomly (stuck).
  2851 | D:7      | 2851 ||| Stepping randomly (stuck).
  2852 | D:7      | 2852 ||| Stepping randomly (stuck).
  2853 | D:7      | 2853 ||| Stepping randomly (stuck).
  2854 | D:7      | 2854 ||| Stepping randomly (stuck).
  2855 | D:7      | 2855 ||| Stepping randomly (stuck).
  2856 | D:7      | 2856 ||| Stepping randomly (stuck).
  2857 | D:7      | 2857 ||| Stepping randomly (stuck).
  2858 | D:7      | 2858 ||| Stepping randomly (stuck).
  2859 | D:7      | 2859 ||| Stepping randomly (stuck).
  2860 | D:7      | 2860 ||| Stepping randomly (stuck).
  2861 | D:7      | 2861 ||| Stepping randomly (stuck).
  2862 | D:7      | 2862 ||| Stepping randomly (stuck).
  2863 | D:7      | 2863 ||| Stepping randomly (stuck).
  2864 | D:7      | 2864 ||| Stepping randomly (stuck).
  2865 | D:7      | 2865 ||| Stepping randomly (stuck).
  2866 | D:7      | 2866 ||| Stepping randomly (stuck).
  2867 | D:7      | 2867 ||| Stepping randomly (stuck).
  2868 | D:7      | 2868 ||| Stepping randomly (stuck).
  2869 | D:7      | 2869 ||| Stepping randomly (stuck).
  2870 | D:7      | 2870 ||| Stepping randomly (stuck).
  2871 | D:7      | 2871 ||| Stepping randomly (stuck).
  2872 | D:7      | 2872 ||| Stepping randomly (stuck).
  2873 | D:7      | 2873 ||| Stepping randomly (stuck).
  2874 | D:7      | 2874 ||| Stepping randomly (stuck).
  2875 | D:7      | 2875 ||| Stepping randomly (stuck).
  2876 | D:7      | 2876 ||| Stepping randomly (stuck).
  2877 | D:7      | 2877 ||| Stepping randomly (stuck).
  2878 | D:7      | 2878 ||| Stepping randomly (stuck).
  2879 | D:7      | 2879 ||| Stepping randomly (stuck).
  2880 | D:7      | 2880 ||| Stepping randomly (stuck).
  2881 | D:7      | 2881 ||| Stepping randomly (stuck).
  2882 | D:7      | 2882 ||| Stepping randomly (stuck).
  2883 | D:7      | 2883 ||| Stepping randomly (stuck).
  2884 | D:7      | 2884 ||| Stepping randomly (stuck).
  2885 | D:7      | 2885 ||| Stepping randomly (stuck).
  2886 | D:7      | 2886 ||| Stepping randomly (stuck).
  2887 | D:7      | 2887 ||| Stepping randomly (stuck).
  2888 | D:7      | 2888 ||| Stepping randomly (stuck).
  2889 | D:7      | 2889 ||| Stepping randomly (stuck).
  2890 | D:7      | 2890 ||| Stepping randomly (stuck).
  2891 | D:7      | 2891 ||| Stepping randomly (stuck).
  2892 | D:7      | 2892 ||| Stepping randomly (stuck).
  2893 | D:7      | 2893 ||| Stepping randomly (stuck).
  2894 | D:7      | 2894 ||| Stepping randomly (stuck).
  2895 | D:7      | 2895 ||| Stepping randomly (stuck).
  2896 | D:7      | 2896 ||| Stepping randomly (stuck).
  2897 | D:7      | 2897 ||| Stepping randomly (stuck).
  2898 | D:7      | 2898 ||| Stepping randomly (stuck).
  2899 | D:7      | 2899 ||| Stepping randomly (stuck).
  2900 | D:7      | 2900 ||| Stepping randomly (stuck).
  2901 | D:7      | 2901 ||| Stepping randomly (stuck).
  2902 | D:7      | 2902 ||| Stepping randomly (stuck).
  2903 | D:7      | 2903 ||| Stepping randomly (stuck).
  2904 | D:7      | 2904 ||| Stepping randomly (stuck).
  2905 | D:7      | 2905 ||| Stepping randomly (stuck).
  2906 | D:7      | 2906 ||| Stepping randomly (stuck).
  2907 | D:7      | 2907 ||| Stepping randomly (stuck).
  2908 | D:7      | 2908 ||| Stepping randomly (stuck).
  2909 | D:7      | 2909 ||| Stepping randomly (stuck).
  2910 | D:7      | 2910 ||| Stepping randomly (stuck).
  2911 | D:7      | 2911 ||| Stepping randomly (stuck).
  2912 | D:7      | 2912 ||| Stepping randomly (stuck).
  2913 | D:7      | 2913 ||| Stepping randomly (stuck).
  2914 | D:7      | 2914 ||| Stepping randomly (stuck).
  2915 | D:7      | 2915 ||| Stepping randomly (stuck).
  2916 | D:7      | 2916 ||| Stepping randomly (stuck).
  2917 | D:7      | 2917 ||| Stepping randomly (stuck).
  2918 | D:7      | 2918 ||| Stepping randomly (stuck).
  2919 | D:7      | 2919 ||| Stepping randomly (stuck).
  2920 | D:7      | 2920 ||| Stepping randomly (stuck).
  2921 | D:7      | 2921 ||| Stepping randomly (stuck).
  2922 | D:7      | 2922 ||| Stepping randomly (stuck).
  2923 | D:7      | 2923 ||| Stepping randomly (stuck).
  2924 | D:7      | 2924 ||| Stepping randomly (stuck).
  2925 | D:7      | 2925 ||| Stepping randomly (stuck).
  2926 | D:7      | 2926 ||| Stepping randomly (stuck).
  2927 | D:7      | 2927 ||| Stepping randomly (stuck).
  2928 | D:7      | 2928 ||| Stepping randomly (stuck).
  2929 | D:7      | 2929 ||| Stepping randomly (stuck).
  2930 | D:7      | 2930 ||| Stepping randomly (stuck).
  2931 | D:7      | 2931 ||| Stepping randomly (stuck).
  2932 | D:7      | 2932 ||| Stepping randomly (stuck).
  2933 | D:7      | 2933 ||| Stepping randomly (stuck).
  2934 | D:7      | 2934 ||| Stepping randomly (stuck).
  2935 | D:7      | 2935 ||| Stepping randomly (stuck).
  2936 | D:7      | 2936 ||| Stepping randomly (stuck).
  2937 | D:7      | 2937 ||| Stepping randomly (stuck).
  2938 | D:7      | 2938 ||| Stepping randomly (stuck).
  2939 | D:7      | 2939 ||| Stepping randomly (stuck).
  2940 | D:7      | 2940 ||| Stepping randomly (stuck).
  2941 | D:7      | 2941 ||| Stepping randomly (stuck).
  2942 | D:7      | 2942 ||| Stepping randomly (stuck).
  2943 | D:7      | 2943 ||| Stepping randomly (stuck).
  2944 | D:7      | 2944 ||| Stepping randomly (stuck).
  2945 | D:7      | 2945 ||| Stepping randomly (stuck).
  2946 | D:7      | 2946 ||| Stepping randomly (stuck).
  2947 | D:7      | 2947 ||| Stepping randomly (stuck).
  2948 | D:7      | 2948 ||| Stepping randomly (stuck).
  2949 | D:7      | 2949 ||| Stepping randomly (stuck).
  2950 | D:7      | 2950 ||| Stepping randomly (stuck).
  2951 | D:7      | 2951 ||| Stepping randomly (stuck).
  2952 | D:7      | 2952 ||| Stepping randomly (stuck).
  2953 | D:7      | 2953 ||| Stepping randomly (stuck).
  2954 | D:7      | 2954 ||| Stepping randomly (stuck).
  2955 | D:7      | 2955 ||| Stepping randomly (stuck).
  2956 | D:7      | 2956 ||| Stepping randomly (stuck).
  2957 | D:7      | 2957 ||| Stepping randomly (stuck).
  2958 | D:7      | 2958 ||| Stepping randomly (stuck).
  2959 | D:7      | 2959 ||| Stepping randomly (stuck).
  2960 | D:7      | 2960 ||| Stepping randomly (stuck).
  2961 | D:7      | 2961 ||| Stepping randomly (stuck).
  2962 | D:7      | 2962 ||| Stepping randomly (stuck).
  2963 | D:7      | 2963 ||| Stepping randomly (stuck).
  2964 | D:7      | 2964 ||| Stepping randomly (stuck).
  2965 | D:7      | 2965 ||| Stepping randomly (stuck).
  2966 | D:7      | 2966 ||| Stepping randomly (stuck).
  2967 | D:7      | 2967 ||| Stepping randomly (stuck).
  2968 | D:7      | 2968 ||| Stepping randomly (stuck).
  2969 | D:7      | 2969 ||| Stepping randomly (stuck).
  2970 | D:7      | 2970 ||| Stepping randomly (stuck).
  2971 | D:7      | 2971 ||| Stepping randomly (stuck).
  2972 | D:7      | 2972 ||| Stepping randomly (stuck).
  2973 | D:7      | 2973 ||| Stepping randomly (stuck).
  2974 | D:7      | 2974 ||| Stepping randomly (stuck).
  2975 | D:7      | 2975 ||| Stepping randomly (stuck).
  2976 | D:7      | 2976 ||| Stepping randomly (stuck).
  2977 | D:7      | 2977 ||| Stepping randomly (stuck).
  2978 | D:7      | 2978 ||| Stepping randomly (stuck).
  2979 | D:7      | 2979 ||| Stepping randomly (stuck).
  2980 | D:7      | 2980 ||| Stepping randomly (stuck).
  2981 | D:7      | 2981 ||| Stepping randomly (stuck).
  2982 | D:7      | 2982 ||| Stepping randomly (stuck).
  2983 | D:7      | 2983 ||| Stepping randomly (stuck).
  2984 | D:7      | 2984 ||| Stepping randomly (stuck).
  2985 | D:7      | 2985 ||| Stepping randomly (stuck).
  2986 | D:7      | 2986 ||| Stepping randomly (stuck).
  2987 | D:7      | 2987 ||| Stepping randomly (stuck).
  2988 | D:7      | 2988 ||| Stepping randomly (stuck).
  2989 | D:7      | 2989 ||| Stepping randomly (stuck).
  2990 | D:7      | 2990 ||| Stepping randomly (stuck).
  2991 | D:7      | 2991 ||| Stepping randomly (stuck).
  2992 | D:7      | 2992 ||| Stepping randomly (stuck).
  2993 | D:7      | 2993 ||| Stepping randomly (stuck).
  2994 | D:7      | 2994 ||| Stepping randomly (stuck).
  2995 | D:7      | 2995 ||| Stepping randomly (stuck).
  2996 | D:7      | 2996 ||| Stepping randomly (stuck).
  2997 | D:7      | 2997 ||| Stepping randomly (stuck).
  2998 | D:7      | 2998 ||| Stepping randomly (stuck).
  2999 | D:7      | 2999 ||| Stepping randomly (stuck).
  3000 | D:7      | 3000 ||| Stepping randomly (stuck).
  3001 | D:7      | 3001 ||| Stepping randomly (stuck).
  3002 | D:7      | 3002 ||| Stepping randomly (stuck).
  3003 | D:7      | 3003 ||| Stepping randomly (stuck).
  3004 | D:7      | 3004 ||| Stepping randomly (stuck).
  3005 | D:7      | 3005 ||| Stepping randomly (stuck).
  3006 | D:7      | 3006 ||| Stepping randomly (stuck).
  3007 | D:7      | 3007 ||| Stepping randomly (stuck).
  3008 | D:7      | 3008 ||| Stepping randomly (stuck).
  3009 | D:7      | 3009 ||| Stepping randomly (stuck).
  3010 | D:7      | 3010 ||| Stepping randomly (stuck).
  3011 | D:7      | 3011 ||| Stepping randomly (stuck).
  3012 | D:7      | 3012 ||| Stepping randomly (stuck).
  3013 | D:7      | 3013 ||| Stepping randomly (stuck).
  3014 | D:7      | 3014 ||| Stepping randomly (stuck).
  3015 | D:7      | 3015 ||| Stepping randomly (stuck).
  3016 | D:7      | 3016 ||| Stepping randomly (stuck).
  3017 | D:7      | 3017 ||| Stepping randomly (stuck).
  3018 | D:7      | 3018 ||| Stepping randomly (stuck).
  3019 | D:7      | 3019 ||| Stepping randomly (stuck).
  3020 | D:7      | 3020 ||| Stepping randomly (stuck).
  3021 | D:7      | 3021 ||| Stepping randomly (stuck).
  3022 | D:7      | 3022 ||| Stepping randomly (stuck).
  3023 | D:7      | 3023 ||| Stepping randomly (stuck).
  3024 | D:7      | 3024 ||| Stepping randomly (stuck).
  3025 | D:7      | 3025 ||| Stepping randomly (stuck).
  3026 | D:7      | 3026 ||| Stepping randomly (stuck).
  3027 | D:7      | 3027 ||| Stepping randomly (stuck).
  3028 | D:7      | 3028 ||| Stepping randomly (stuck).
  3029 | D:7      | 3029 ||| Stepping randomly (stuck).
  3030 | D:7      | 3030 ||| Stepping randomly (stuck).
  3031 | D:7      | 3031 ||| Stepping randomly (stuck).
  3032 | D:7      | 3032 ||| Stepping randomly (stuck).
  3033 | D:7      | 3033 ||| Stepping randomly (stuck).
  3034 | D:7      | 3034 ||| Stepping randomly (stuck).
  3035 | D:7      | 3035 ||| Stepping randomly (stuck).
  3036 | D:7      | 3036 ||| Stepping randomly (stuck).
  3037 | D:7      | 3037 ||| Stepping randomly (stuck).
  3038 | D:7      | 3038 ||| Stepping randomly (stuck).
  3039 | D:7      | 3039 ||| Stepping randomly (stuck).
  3040 | D:7      | 3040 ||| Stepping randomly (stuck).
  3041 | D:7      | 3041 ||| Stepping randomly (stuck).
  3042 | D:7      | 3042 ||| Stepping randomly (stuck).
  3050 | D:7      | Reached skill level 6 in Axes
  3055 | D:7      | 3055 ||| Stepping randomly (stuck).
  3056 | D:7      | 3056 ||| Stepping randomly (stuck).
  3057 | D:7      | 3057 ||| Stepping randomly (stuck).
  3058 | D:7      | 3058 ||| Stepping randomly (stuck).
  3059 | D:7      | 3059 ||| Stepping randomly (stuck).
  3060 | D:7      | 3060 ||| Stepping randomly (stuck).
  3061 | D:7      | 3061 ||| Stepping randomly (stuck).
  3062 | D:7      | 3062 ||| Stepping randomly (stuck).
  3063 | D:7      | 3063 ||| Stepping randomly (stuck).
  3064 | D:7      | 3064 ||| Stepping randomly (stuck).
  3065 | D:7      | 3065 ||| Stepping randomly (stuck).
  3066 | D:7      | 3066 ||| Stepping randomly (stuck).
  3067 | D:7      | 3067 ||| Stepping randomly (stuck).
  3068 | D:7      | 3068 ||| Stepping randomly (stuck).
  3069 | D:7      | 3069 ||| Stepping randomly (stuck).
  3070 | D:7      | 3070 ||| Stepping randomly (stuck).
  3071 | D:7      | 3071 ||| Stepping randomly (stuck).
  3072 | D:7      | 3072 ||| Stepping randomly (stuck).
  3073 | D:7      | 3073 ||| Stepping randomly (stuck).
  3074 | D:7      | 3074 ||| Stepping randomly (stuck).
  3075 | D:7      | 3075 ||| Stepping randomly (stuck).
  3076 | D:7      | 3076 ||| Stepping randomly (stuck).
  3077 | D:7      | 3077 ||| Stepping randomly (stuck).
  3078 | D:7      | 3078 ||| Stepping randomly (stuck).
  3079 | D:7      | 3079 ||| Stepping randomly (stuck).
  3080 | D:7      | 3080 ||| Stepping randomly (stuck).
  3081 | D:7      | 3081 ||| Stepping randomly (stuck).
  3082 | D:7      | 3082 ||| Stepping randomly (stuck).
  3083 | D:7      | 3083 ||| Stepping randomly (stuck).
  3084 | D:7      | 3084 ||| Stepping randomly (stuck).
  3085 | D:7      | 3085 ||| Stepping randomly (stuck).
  3086 | D:7      | 3086 ||| Stepping randomly (stuck).
  3087 | D:7      | 3087 ||| Stepping randomly (stuck).
  3088 | D:7      | 3088 ||| Stepping randomly (stuck).
  3089 | D:7      | 3089 ||| Stepping randomly (stuck).
  3090 | D:7      | 3090 ||| Stepping randomly (stuck).
  3091 | D:7      | 3091 ||| Stepping randomly (stuck).
  3092 | D:7      | 3092 ||| Stepping randomly (stuck).
  3093 | D:7      | 3093 ||| Stepping randomly (stuck).
  3094 | D:7      | 3094 ||| Stepping randomly (stuck).
  3095 | D:7      | 3095 ||| Stepping randomly (stuck).
  3096 | D:7      | 3096 ||| Stepping randomly (stuck).
  3097 | D:7      | 3097 ||| Stepping randomly (stuck).
  3098 | D:7      | 3098 ||| Stepping randomly (stuck).
  3099 | D:7      | 3099 ||| Stepping randomly (stuck).
  3100 | D:7      | 3100 ||| Stepping randomly (stuck).
  3101 | D:7      | 3101 ||| Stepping randomly (stuck).
  3102 | D:7      | 3102 ||| Stepping randomly (stuck).
  3103 | D:7      | 3103 ||| Stepping randomly (stuck).
  3104 | D:7      | 3104 ||| Stepping randomly (stuck).
  3105 | D:7      | 3105 ||| Stepping randomly (stuck).
  3106 | D:7      | 3106 ||| Stepping randomly (stuck).
  3107 | D:7      | 3107 ||| Stepping randomly (stuck).
  3108 | D:7      | 3108 ||| Stepping randomly (stuck).
  3109 | D:7      | 3109 ||| Stepping randomly (stuck).
  3110 | D:7      | 3110 ||| Stepping randomly (stuck).
  3111 | D:7      | 3111 ||| Stepping randomly (stuck).
  3112 | D:7      | 3112 ||| Stepping randomly (stuck).
  3113 | D:7      | 3113 ||| Stepping randomly (stuck).
  3114 | D:7      | 3114 ||| Stepping randomly (stuck).
  3115 | D:7      | 3115 ||| Stepping randomly (stuck).
  3116 | D:7      | 3116 ||| Stepping randomly (stuck).
  3117 | D:7      | 3117 ||| Stepping randomly (stuck).
  3118 | D:7      | 3118 ||| Stepping randomly (stuck).
  3119 | D:7      | 3119 ||| Stepping randomly (stuck).
  3120 | D:7      | 3120 ||| Stepping randomly (stuck).
  3121 | D:7      | 3121 ||| Stepping randomly (stuck).
  3122 | D:7      | 3122 ||| Stepping randomly (stuck).
  3123 | D:7      | 3123 ||| Stepping randomly (stuck).
  3124 | D:7      | 3124 ||| Stepping randomly (stuck).
  3125 | D:7      | 3125 ||| Stepping randomly (stuck).
  3126 | D:7      | 3126 ||| Stepping randomly (stuck).
  3127 | D:7      | 3127 ||| Stepping randomly (stuck).
  3128 | D:7      | 3128 ||| Stepping randomly (stuck).
  3129 | D:7      | 3129 ||| Stepping randomly (stuck).
  3130 | D:7      | 3130 ||| Stepping randomly (stuck).
  3131 | D:7      | 3131 ||| Stepping randomly (stuck).
  3132 | D:7      | 3132 ||| Stepping randomly (stuck).
  3133 | D:7      | 3133 ||| Stepping randomly (stuck).
  3134 | D:7      | 3134 ||| Stepping randomly (stuck).
  3135 | D:7      | 3135 ||| Stepping randomly (stuck).
  3136 | D:7      | 3136 ||| Stepping randomly (stuck).
  3137 | D:7      | 3137 ||| Stepping randomly (stuck).
  3138 | D:7      | 3138 ||| Stepping randomly (stuck).
  3139 | D:7      | 3139 ||| Stepping randomly (stuck).
  3140 | D:7      | 3140 ||| Stepping randomly (stuck).
  3141 | D:7      | 3141 ||| Stepping randomly (stuck).
  3142 | D:7      | 3142 ||| Stepping randomly (stuck).
  3143 | D:7      | 3143 ||| Stepping randomly (stuck).
  3144 | D:7      | 3144 ||| Stepping randomly (stuck).
  3145 | D:7      | 3145 ||| Stepping randomly (stuck).
  3146 | D:7      | 3146 ||| Stepping randomly (stuck).
  3147 | D:7      | 3147 ||| Stepping randomly (stuck).
  3148 | D:7      | 3148 ||| Stepping randomly (stuck).
  3149 | D:7      | 3149 ||| Stepping randomly (stuck).
  3150 | D:7      | 3150 ||| Stepping randomly (stuck).
  3151 | D:7      | 3151 ||| Stepping randomly (stuck).
  3152 | D:7      | 3152 ||| Stepping randomly (stuck).
  3153 | D:7      | 3153 ||| Stepping randomly (stuck).
  3154 | D:7      | 3154 ||| Stepping randomly (stuck).
  3155 | D:7      | 3155 ||| Stepping randomly (stuck).
  3156 | D:7      | 3156 ||| Stepping randomly (stuck).
  3157 | D:7      | 3157 ||| Stepping randomly (stuck).
  3158 | D:7      | 3158 ||| Stepping randomly (stuck).
  3159 | D:7      | 3159 ||| Stepping randomly (stuck).
  3160 | D:7      | 3160 ||| Stepping randomly (stuck).
  3161 | D:7      | 3161 ||| Stepping randomly (stuck).
  3162 | D:7      | 3162 ||| Stepping randomly (stuck).
  3163 | D:7      | 3163 ||| Stepping randomly (stuck).
  3164 | D:7      | 3164 ||| Stepping randomly (stuck).
  3165 | D:7      | 3165 ||| Stepping randomly (stuck).
  3166 | D:7      | 3166 ||| Stepping randomly (stuck).
  3167 | D:7      | 3167 ||| Stepping randomly (stuck).
  3168 | D:7      | 3168 ||| Stepping randomly (stuck).
  3169 | D:7      | 3169 ||| Stepping randomly (stuck).
  3170 | D:7      | 3170 ||| Stepping randomly (stuck).
  3171 | D:7      | 3171 ||| Stepping randomly (stuck).
  3172 | D:7      | 3172 ||| Stepping randomly (stuck).
  3173 | D:7      | 3173 ||| Stepping randomly (stuck).
  3174 | D:7      | 3174 ||| Stepping randomly (stuck).
  3175 | D:7      | 3175 ||| Stepping randomly (stuck).
  3176 | D:7      | 3176 ||| Stepping randomly (stuck).
  3177 | D:7      | 3177 ||| Stepping randomly (stuck).
  3178 | D:7      | 3178 ||| Stepping randomly (stuck).
  3179 | D:7      | 3179 ||| Stepping randomly (stuck).
  3180 | D:7      | 3180 ||| Stepping randomly (stuck).
  3181 | D:7      | 3181 ||| Stepping randomly (stuck).
  3182 | D:7      | 3182 ||| Stepping randomly (stuck).
  3183 | D:7      | 3183 ||| Stepping randomly (stuck).
  3184 | D:7      | 3184 ||| Stepping randomly (stuck).
  3185 | D:7      | 3185 ||| Stepping randomly (stuck).
  3186 | D:7      | 3186 ||| Stepping randomly (stuck).
  3187 | D:7      | 3187 ||| Stepping randomly (stuck).
  3188 | D:7      | 3188 ||| Stepping randomly (stuck).
  3189 | D:7      | 3189 ||| Stepping randomly (stuck).
  3190 | D:7      | 3190 ||| Stepping randomly (stuck).
  3191 | D:7      | 3191 ||| Stepping randomly (stuck).
  3192 | D:7      | 3192 ||| Stepping randomly (stuck).
  3193 | D:7      | 3193 ||| Stepping randomly (stuck).
  3194 | D:7      | 3194 ||| Stepping randomly (stuck).
  3195 | D:7      | 3195 ||| Stepping randomly (stuck).
  3196 | D:7      | 3196 ||| Stepping randomly (stuck).
  3197 | D:7      | 3197 ||| Stepping randomly (stuck).
  3198 | D:7      | 3198 ||| Stepping randomly (stuck).
  3199 | D:7      | 3199 ||| Stepping randomly (stuck).
  3200 | D:7      | 3200 ||| Stepping randomly (stuck).
  3201 | D:7      | 3201 ||| Stepping randomly (stuck).
  3202 | D:7      | 3202 ||| Stepping randomly (stuck).
  3203 | D:7      | 3203 ||| Stepping randomly (stuck).
  3204 | D:7      | 3204 ||| Stepping randomly (stuck).
  3205 | D:7      | 3205 ||| Stepping randomly (stuck).
  3206 | D:7      | 3206 ||| Stepping randomly (stuck).
  3207 | D:7      | 3207 ||| Stepping randomly (stuck).
  3208 | D:7      | 3208 ||| Stepping randomly (stuck).
  3209 | D:7      | 3209 ||| Stepping randomly (stuck).
  3210 | D:7      | 3210 ||| Stepping randomly (stuck).
  3211 | D:7      | 3211 ||| Stepping randomly (stuck).
  3212 | D:7      | 3212 ||| Stepping randomly (stuck).
  3213 | D:7      | 3213 ||| Stepping randomly (stuck).
  3214 | D:7      | 3214 ||| Stepping randomly (stuck).
  3215 | D:7      | 3215 ||| Stepping randomly (stuck).
  3216 | D:7      | 3216 ||| Stepping randomly (stuck).
  3217 | D:7      | 3217 ||| Stepping randomly (stuck).
  3218 | D:7      | 3218 ||| Stepping randomly (stuck).
  3219 | D:7      | 3219 ||| Stepping randomly (stuck).
  3220 | D:7      | 3220 ||| Stepping randomly (stuck).
  3221 | D:7      | 3221 ||| Stepping randomly (stuck).
  3222 | D:7      | 3222 ||| Stepping randomly (stuck).
  3223 | D:7      | 3223 ||| Stepping randomly (stuck).
  3224 | D:7      | 3224 ||| Stepping randomly (stuck).
  3225 | D:7      | 3225 ||| Stepping randomly (stuck).
  3226 | D:7      | 3226 ||| Stepping randomly (stuck).
  3227 | D:7      | 3227 ||| Stepping randomly (stuck).
  3228 | D:7      | 3228 ||| Stepping randomly (stuck).
  3229 | D:7      | 3229 ||| Stepping randomly (stuck).
  3230 | D:7      | 3230 ||| Stepping randomly (stuck).
  3231 | D:7      | 3231 ||| Stepping randomly (stuck).
  3232 | D:7      | 3232 ||| Stepping randomly (stuck).
  3233 | D:7      | 3233 ||| Stepping randomly (stuck).
  3234 | D:7      | 3234 ||| Stepping randomly (stuck).
  3235 | D:7      | 3235 ||| Stepping randomly (stuck).
  3236 | D:7      | 3236 ||| Stepping randomly (stuck).
  3237 | D:7      | 3237 ||| Stepping randomly (stuck).
  3238 | D:7      | 3238 ||| Stepping randomly (stuck).
  3239 | D:7      | 3239 ||| Stepping randomly (stuck).
  3240 | D:7      | 3240 ||| Stepping randomly (stuck).
  3241 | D:7      | 3241 ||| Stepping randomly (stuck).
  3242 | D:7      | 3242 ||| Stepping randomly (stuck).
  3243 | D:7      | 3243 ||| Stepping randomly (stuck).
  3244 | D:7      | 3244 ||| Stepping randomly (stuck).
  3245 | D:7      | 3245 ||| Stepping randomly (stuck).
  3246 | D:7      | 3246 ||| Stepping randomly (stuck).
  3247 | D:7      | 3247 ||| Stepping randomly (stuck).
  3248 | D:7      | 3248 ||| Stepping randomly (stuck).
  3249 | D:7      | 3249 ||| Stepping randomly (stuck).
  3250 | D:7      | 3250 ||| Stepping randomly (stuck).
  3251 | D:7      | 3251 ||| Stepping randomly (stuck).
  3252 | D:7      | 3252 ||| Stepping randomly (stuck).
  3253 | D:7      | 3253 ||| Stepping randomly (stuck).
  3254 | D:7      | 3254 ||| Stepping randomly (stuck).
  3255 | D:7      | 3255 ||| Stepping randomly (stuck).
  3256 | D:7      | 3256 ||| Stepping randomly (stuck).
  3257 | D:7      | 3257 ||| Stepping randomly (stuck).
  3258 | D:7      | 3258 ||| Stepping randomly (stuck).
  3259 | D:7      | 3259 ||| Stepping randomly (stuck).
  3260 | D:7      | 3260 ||| Stepping randomly (stuck).
  3261 | D:7      | 3261 ||| Stepping randomly (stuck).
  3262 | D:7      | 3262 ||| Stepping randomly (stuck).
  3263 | D:7      | 3263 ||| Stepping randomly (stuck).
  3264 | D:7      | 3264 ||| Stepping randomly (stuck).
  3265 | D:7      | 3265 ||| Stepping randomly (stuck).
  3266 | D:7      | 3266 ||| Stepping randomly (stuck).
  3267 | D:7      | 3267 ||| Stepping randomly (stuck).
  3268 | D:7      | 3268 ||| Stepping randomly (stuck).
  3269 | D:7      | 3269 ||| Stepping randomly (stuck).
  3270 | D:7      | 3270 ||| Stepping randomly (stuck).
  3271 | D:7      | 3271 ||| Stepping randomly (stuck).
  3272 | D:7      | 3272 ||| Stepping randomly (stuck).
  3273 | D:7      | 3273 ||| Stepping randomly (stuck).
  3274 | D:7      | 3274 ||| Stepping randomly (stuck).
  3275 | D:7      | 3275 ||| Stepping randomly (stuck).
  3276 | D:7      | 3276 ||| Stepping randomly (stuck).
  3277 | D:7      | 3277 ||| Stepping randomly (stuck).
  3278 | D:7      | 3278 ||| Stepping randomly (stuck).
  3279 | D:7      | 3279 ||| Stepping randomly (stuck).
  3280 | D:7      | 3280 ||| Stepping randomly (stuck).
  3281 | D:7      | 3281 ||| Stepping randomly (stuck).
  3282 | D:7      | 3282 ||| Stepping randomly (stuck).
  3283 | D:7      | 3283 ||| Stepping randomly (stuck).
  3284 | D:7      | 3284 ||| Stepping randomly (stuck).
  3285 | D:7      | 3285 ||| Stepping randomly (stuck).
  3286 | D:7      | 3286 ||| Stepping randomly (stuck).
  3287 | D:7      | 3287 ||| Stepping randomly (stuck).
  3288 | D:7      | 3288 ||| Stepping randomly (stuck).
  3289 | D:7      | 3289 ||| Stepping randomly (stuck).
  3290 | D:7      | 3290 ||| Stepping randomly (stuck).
  3291 | D:7      | 3291 ||| Stepping randomly (stuck).
  3292 | D:7      | 3292 ||| Stepping randomly (stuck).
  3293 | D:7      | 3293 ||| Stepping randomly (stuck).
  3294 | D:7      | 3294 ||| Stepping randomly (stuck).
  3295 | D:7      | 3295 ||| Stepping randomly (stuck).
  3296 | D:7      | 3296 ||| Stepping randomly (stuck).
  3297 | D:7      | 3297 ||| Stepping randomly (stuck).
  3298 | D:7      | 3298 ||| Stepping randomly (stuck).
  3299 | D:7      | 3299 ||| Stepping randomly (stuck).
  3300 | D:7      | 3300 ||| Stepping randomly (stuck).
  3301 | D:7      | 3301 ||| Stepping randomly (stuck).
  3302 | D:7      | 3302 ||| Stepping randomly (stuck).
  3303 | D:7      | 3303 ||| Stepping randomly (stuck).
  3304 | D:7      | 3304 ||| Stepping randomly (stuck).
  3305 | D:7      | 3305 ||| Stepping randomly (stuck).
  3306 | D:7      | 3306 ||| Stepping randomly (stuck).
  3307 | D:7      | 3307 ||| Stepping randomly (stuck).
  3308 | D:7      | 3308 ||| Stepping randomly (stuck).
  3309 | D:7      | 3309 ||| Stepping randomly (stuck).
  3310 | D:7      | 3310 ||| Stepping randomly (stuck).
  3311 | D:7      | 3311 ||| Stepping randomly (stuck).
  3312 | D:7      | 3312 ||| Stepping randomly (stuck).
  3333 | D:7      | Reached skill level 1 in Dodging
  3333 | D:7      | Reached XP level 7. HP: 23/43 MP: 7/7
  3407 | D:7      | 3407 ||| Stepping randomly (stuck).
  3408 | D:7      | 3408 ||| Stepping randomly (stuck).
  3409 | D:7      | 3409 ||| Stepping randomly (stuck).
  3410 | D:7      | 3410 ||| Stepping randomly (stuck).
  3411 | D:7      | 3411 ||| Stepping randomly (stuck).
  3412 | D:7      | 3412 ||| Stepping randomly (stuck).
  3413 | D:7      | 3413 ||| Stepping randomly (stuck).
  3414 | D:7      | 3414 ||| Stepping randomly (stuck).
  3415 | D:7      | 3415 ||| Stepping randomly (stuck).
  3416 | D:7      | 3416 ||| Stepping randomly (stuck).
  3417 | D:7      | 3417 ||| Stepping randomly (stuck).
  3418 | D:7      | 3418 ||| Stepping randomly (stuck).
  3419 | D:7      | 3419 ||| Stepping randomly (stuck).
  3420 | D:7      | 3420 ||| Stepping randomly (stuck).
  3421 | D:7      | 3421 ||| Stepping randomly (stuck).
  3422 | D:7      | 3422 ||| Stepping randomly (stuck).
  3423 | D:7      | 3423 ||| Stepping randomly (stuck).
  3424 | D:7      | 3424 ||| Stepping randomly (stuck).
  3425 | D:7      | 3425 ||| Stepping randomly (stuck).
  3426 | D:7      | 3426 ||| Stepping randomly (stuck).
  3427 | D:7      | 3427 ||| Stepping randomly (stuck).
  3428 | D:7      | 3428 ||| Stepping randomly (stuck).
  3429 | D:7      | 3429 ||| Stepping randomly (stuck).
  3430 | D:7      | 3430 ||| Stepping randomly (stuck).
  3431 | D:7      | 3431 ||| Stepping randomly (stuck).
  3432 | D:7      | 3432 ||| Stepping randomly (stuck).
  3433 | D:7      | 3433 ||| Stepping randomly (stuck).
  3434 | D:7      | 3434 ||| Stepping randomly (stuck).
  3435 | D:7      | 3435 ||| Stepping randomly (stuck).
  3436 | D:7      | 3436 ||| Stepping randomly (stuck).
  3437 | D:7      | 3437 ||| Stepping randomly (stuck).
  3438 | D:7      | 3438 ||| Stepping randomly (stuck).
  3439 | D:7      | 3439 ||| Stepping randomly (stuck).
  3440 | D:7      | 3440 ||| Stepping randomly (stuck).
  3441 | D:7      | 3441 ||| Stepping randomly (stuck).
  3442 | D:7      | 3442 ||| Stepping randomly (stuck).
  3443 | D:7      | 3443 ||| Stepping randomly (stuck).
  3444 | D:7      | 3444 ||| Stepping randomly (stuck).
  3445 | D:7      | 3445 ||| Stepping randomly (stuck).
  3446 | D:7      | 3446 ||| Stepping randomly (stuck).
  3447 | D:7      | 3447 ||| Stepping randomly (stuck).
  3448 | D:7      | 3448 ||| Stepping randomly (stuck).
  3449 | D:7      | 3449 ||| Stepping randomly (stuck).
  3450 | D:7      | 3450 ||| Stepping randomly (stuck).
  3451 | D:7      | 3451 ||| Stepping randomly (stuck).
  3452 | D:7      | 3452 ||| Stepping randomly (stuck).
  3453 | D:7      | 3453 ||| Stepping randomly (stuck).
  3454 | D:7      | 3454 ||| Stepping randomly (stuck).
  3455 | D:7      | 3455 ||| Stepping randomly (stuck).
  3456 | D:7      | 3456 ||| Stepping randomly (stuck).
  3457 | D:7      | 3457 ||| Stepping randomly (stuck).
  3458 | D:7      | 3458 ||| Stepping randomly (stuck).
  3459 | D:7      | 3459 ||| Stepping randomly (stuck).
  3460 | D:7      | 3460 ||| Stepping randomly (stuck).
  3461 | D:7      | 3461 ||| Stepping randomly (stuck).
  3462 | D:7      | 3462 ||| Stepping randomly (stuck).
  3463 | D:7      | 3463 ||| Stepping randomly (stuck).
  3464 | D:7      | 3464 ||| Stepping randomly (stuck).
  3465 | D:7      | 3465 ||| Stepping randomly (stuck).
  3466 | D:7      | 3466 ||| Stepping randomly (stuck).
  3467 | D:7      | 3467 ||| Stepping randomly (stuck).
  3468 | D:7      | 3468 ||| Stepping randomly (stuck).
  3469 | D:7      | 3469 ||| Stepping randomly (stuck).
  3470 | D:7      | 3470 ||| Stepping randomly (stuck).
  3471 | D:7      | 3471 ||| Stepping randomly (stuck).
  3472 | D:7      | 3472 ||| Stepping randomly (stuck).
  3473 | D:7      | 3473 ||| Stepping randomly (stuck).
  3474 | D:7      | 3474 ||| Stepping randomly (stuck).
  3475 | D:7      | 3475 ||| Stepping randomly (stuck).
  3476 | D:7      | 3476 ||| Stepping randomly (stuck).
  3477 | D:7      | 3477 ||| Stepping randomly (stuck).
  3478 | D:7      | 3478 ||| Stepping randomly (stuck).
  3479 | D:7      | 3479 ||| Stepping randomly (stuck).
  3480 | D:7      | 3480 ||| Stepping randomly (stuck).
  3481 | D:7      | 3481 ||| Stepping randomly (stuck).
  3482 | D:7      | 3482 ||| Stepping randomly (stuck).
  3483 | D:7      | 3483 ||| Stepping randomly (stuck).
  3484 | D:7      | 3484 ||| Stepping randomly (stuck).
  3485 | D:7      | 3485 ||| Stepping randomly (stuck).
  3486 | D:7      | 3486 ||| Stepping randomly (stuck).
  3487 | D:7      | 3487 ||| Stepping randomly (stuck).
  3488 | D:7      | 3488 ||| Stepping randomly (stuck).
  3489 | D:7      | 3489 ||| Stepping randomly (stuck).
  3490 | D:7      | 3490 ||| Stepping randomly (stuck).
  3491 | D:7      | 3491 ||| Stepping randomly (stuck).
  3492 | D:7      | 3492 ||| Stepping randomly (stuck).
  3493 | D:7      | 3493 ||| Stepping randomly (stuck).
  3494 | D:7      | 3494 ||| Stepping randomly (stuck).
  3495 | D:7      | 3495 ||| Stepping randomly (stuck).
  3496 | D:7      | 3496 ||| Stepping randomly (stuck).
  3497 | D:7      | 3497 ||| Stepping randomly (stuck).
  3498 | D:7      | 3498 ||| Stepping randomly (stuck).
  3499 | D:7      | 3499 ||| Stepping randomly (stuck).
  3500 | D:7      | 3500 ||| Stepping randomly (stuck).
  3501 | D:7      | 3501 ||| Stepping randomly (stuck).
  3502 | D:7      | 3502 ||| Stepping randomly (stuck).
  3503 | D:7      | 3503 ||| Stepping randomly (stuck).
  3504 | D:7      | 3504 ||| Stepping randomly (stuck).
  3505 | D:7      | 3505 ||| Stepping randomly (stuck).
  3506 | D:7      | 3506 ||| Stepping randomly (stuck).
  3507 | D:7      | 3507 ||| Stepping randomly (stuck).
  3508 | D:7      | 3508 ||| Stepping randomly (stuck).
  3509 | D:7      | 3509 ||| Stepping randomly (stuck).
  3510 | D:7      | 3510 ||| Stepping randomly (stuck).
  3511 | D:7      | 3511 ||| Stepping randomly (stuck).
  3512 | D:7      | 3512 ||| Stepping randomly (stuck).
  3513 | D:7      | 3513 ||| Stepping randomly (stuck).
  3514 | D:7      | 3514 ||| Stepping randomly (stuck).
  3515 | D:7      | 3515 ||| Stepping randomly (stuck).
  3516 | D:7      | 3516 ||| Stepping randomly (stuck).
  3517 | D:7      | 3517 ||| Stepping randomly (stuck).
  3518 | D:7      | 3518 ||| Stepping randomly (stuck).
  3519 | D:7      | 3519 ||| Stepping randomly (stuck).
  3520 | D:7      | 3520 ||| Stepping randomly (stuck).
  3521 | D:7      | 3521 ||| Stepping randomly (stuck).
  3522 | D:7      | 3522 ||| Stepping randomly (stuck).
  3523 | D:7      | 3523 ||| Stepping randomly (stuck).
  3524 | D:7      | 3524 ||| Stepping randomly (stuck).
  3525 | D:7      | 3525 ||| Stepping randomly (stuck).
  3526 | D:7      | 3526 ||| Stepping randomly (stuck).
  3527 | D:7      | 3527 ||| Stepping randomly (stuck).
  3528 | D:7      | 3528 ||| Stepping randomly (stuck).
  3529 | D:7      | 3529 ||| Stepping randomly (stuck).
  3530 | D:7      | 3530 ||| Stepping randomly (stuck).
  3531 | D:7      | 3531 ||| Stepping randomly (stuck).
  3532 | D:7      | 3532 ||| Stepping randomly (stuck).
  3533 | D:7      | 3533 ||| Stepping randomly (stuck).
  3534 | D:7      | 3534 ||| Stepping randomly (stuck).
  3535 | D:7      | 3535 ||| Stepping randomly (stuck).
  3536 | D:7      | 3536 ||| Stepping randomly (stuck).
  3537 | D:7      | 3537 ||| Stepping randomly (stuck).
  3538 | D:7      | 3538 ||| Stepping randomly (stuck).
  3539 | D:7      | 3539 ||| Stepping randomly (stuck).
  3540 | D:7      | 3540 ||| Stepping randomly (stuck).
  3541 | D:7      | 3541 ||| Stepping randomly (stuck).
  3542 | D:7      | 3542 ||| Stepping randomly (stuck).
  3543 | D:7      | 3543 ||| Stepping randomly (stuck).
  3544 | D:7      | 3544 ||| Stepping randomly (stuck).
  3545 | D:7      | 3545 ||| Stepping randomly (stuck).
  3546 | D:7      | 3546 ||| Stepping randomly (stuck).
  3547 | D:7      | 3547 ||| Stepping randomly (stuck).
  3548 | D:7      | 3548 ||| Stepping randomly (stuck).
  3549 | D:7      | 3549 ||| Stepping randomly (stuck).
  3550 | D:7      | 3550 ||| Stepping randomly (stuck).
  3551 | D:7      | 3551 ||| Stepping randomly (stuck).
  3552 | D:7      | 3552 ||| Stepping randomly (stuck).
  3553 | D:7      | 3553 ||| Stepping randomly (stuck).
  3554 | D:7      | 3554 ||| Stepping randomly (stuck).
  3555 | D:7      | 3555 ||| Stepping randomly (stuck).
  3556 | D:7      | 3556 ||| Stepping randomly (stuck).
  3557 | D:7      | 3557 ||| Stepping randomly (stuck).
  3558 | D:7      | 3558 ||| Stepping randomly (stuck).
  3559 | D:7      | 3559 ||| Stepping randomly (stuck).
  3560 | D:7      | 3560 ||| Stepping randomly (stuck).
  3561 | D:7      | 3561 ||| Stepping randomly (stuck).
  3562 | D:7      | 3562 ||| Stepping randomly (stuck).
  3563 | D:7      | 3563 ||| Stepping randomly (stuck).
  3564 | D:7      | 3564 ||| Stepping randomly (stuck).
  3565 | D:7      | 3565 ||| Stepping randomly (stuck).
  3566 | D:7      | 3566 ||| Stepping randomly (stuck).
  3567 | D:7      | 3567 ||| Stepping randomly (stuck).
  3568 | D:7      | 3568 ||| Stepping randomly (stuck).
  3569 | D:7      | 3569 ||| Stepping randomly (stuck).
  3570 | D:7      | 3570 ||| Stepping randomly (stuck).
  3571 | D:7      | 3571 ||| Stepping randomly (stuck).
  3572 | D:7      | 3572 ||| Stepping randomly (stuck).
  3573 | D:7      | 3573 ||| Stepping randomly (stuck).
  3574 | D:7      | 3574 ||| Stepping randomly (stuck).
  3575 | D:7      | 3575 ||| Stepping randomly (stuck).
  3576 | D:7      | 3576 ||| Stepping randomly (stuck).
  3577 | D:7      | 3577 ||| Stepping randomly (stuck).
  3578 | D:7      | 3578 ||| Stepping randomly (stuck).
  3579 | D:7      | 3579 ||| Stepping randomly (stuck).
  3580 | D:7      | 3580 ||| Stepping randomly (stuck).
  3581 | D:7      | 3581 ||| Stepping randomly (stuck).
  3582 | D:7      | 3582 ||| Stepping randomly (stuck).
  3583 | D:7      | 3583 ||| Stepping randomly (stuck).
  3584 | D:7      | 3584 ||| Stepping randomly (stuck).
  3585 | D:7      | 3585 ||| Stepping randomly (stuck).
  3586 | D:7      | 3586 ||| Stepping randomly (stuck).
  3587 | D:7      | 3587 ||| Stepping randomly (stuck).
  3588 | D:7      | 3588 ||| Stepping randomly (stuck).
  3589 | D:7      | 3589 ||| Stepping randomly (stuck).
  3590 | D:7      | 3590 ||| Stepping randomly (stuck).
  3591 | D:7      | 3591 ||| Stepping randomly (stuck).
  3592 | D:7      | 3592 ||| Stepping randomly (stuck).
  3593 | D:7      | 3593 ||| Stepping randomly (stuck).
  3594 | D:7      | 3594 ||| Stepping randomly (stuck).
  3595 | D:7      | 3595 ||| Stepping randomly (stuck).
  3596 | D:7      | 3596 ||| Stepping randomly (stuck).
  3597 | D:7      | 3597 ||| Stepping randomly (stuck).
  3598 | D:7      | 3598 ||| Stepping randomly (stuck).
  3599 | D:7      | 3599 ||| Stepping randomly (stuck).
  3600 | D:7      | 3600 ||| Stepping randomly (stuck).
  3601 | D:7      | 3601 ||| Stepping randomly (stuck).
  3602 | D:7      | 3602 ||| Stepping randomly (stuck).
  3603 | D:7      | 3603 ||| Stepping randomly (stuck).
  3604 | D:7      | 3604 ||| Stepping randomly (stuck).
  3605 | D:7      | 3605 ||| Stepping randomly (stuck).
  3606 | D:7      | 3606 ||| Stepping randomly (stuck).
  3607 | D:7      | 3607 ||| Stepping randomly (stuck).
  3608 | D:7      | 3608 ||| Stepping randomly (stuck).
  3609 | D:7      | 3609 ||| Stepping randomly (stuck).
  3610 | D:7      | 3610 ||| Stepping randomly (stuck).
  3611 | D:7      | 3611 ||| Stepping randomly (stuck).
  3612 | D:7      | 3612 ||| Stepping randomly (stuck).
  3613 | D:7      | 3613 ||| Stepping randomly (stuck).
  3614 | D:7      | 3614 ||| Stepping randomly (stuck).
  3615 | D:7      | 3615 ||| Stepping randomly (stuck).
  3616 | D:7      | 3616 ||| Stepping randomly (stuck).
  3617 | D:7      | 3617 ||| Stepping randomly (stuck).
  3618 | D:7      | 3618 ||| Stepping randomly (stuck).
  3619 | D:7      | 3619 ||| Stepping randomly (stuck).
  3620 | D:7      | 3620 ||| Stepping randomly (stuck).
  3621 | D:7      | 3621 ||| Stepping randomly (stuck).
  3622 | D:7      | 3622 ||| Stepping randomly (stuck).
  3623 | D:7      | 3623 ||| Stepping randomly (stuck).
  3624 | D:7      | 3624 ||| Stepping randomly (stuck).
  3625 | D:7      | 3625 ||| Stepping randomly (stuck).
  3626 | D:7      | 3626 ||| Stepping randomly (stuck).
  3627 | D:7      | 3627 ||| Stepping randomly (stuck).
  3628 | D:7      | 3628 ||| Stepping randomly (stuck).
  3629 | D:7      | 3629 ||| Stepping randomly (stuck).
  3630 | D:7      | 3630 ||| Stepping randomly (stuck).
  3631 | D:7      | 3631 ||| Stepping randomly (stuck).
  3632 | D:7      | 3632 ||| Stepping randomly (stuck).
  3633 | D:7      | 3633 ||| Stepping randomly (stuck).
  3634 | D:7      | 3634 ||| Stepping randomly (stuck).
  3635 | D:7      | 3635 ||| Stepping randomly (stuck).
  3636 | D:7      | 3636 ||| Stepping randomly (stuck).
  3637 | D:7      | 3637 ||| Stepping randomly (stuck).
  3638 | D:7      | 3638 ||| Stepping randomly (stuck).
  3639 | D:7      | 3639 ||| Stepping randomly (stuck).
  3640 | D:7      | 3640 ||| Stepping randomly (stuck).
  3641 | D:7      | 3641 ||| Stepping randomly (stuck).
  3642 | D:7      | 3642 ||| Stepping randomly (stuck).
  3643 | D:7      | 3643 ||| Stepping randomly (stuck).
  3644 | D:7      | 3644 ||| Stepping randomly (stuck).
  3645 | D:7      | 3645 ||| Stepping randomly (stuck).
  3646 | D:7      | 3646 ||| Stepping randomly (stuck).
  3647 | D:7      | 3647 ||| Stepping randomly (stuck).
  3648 | D:7      | 3648 ||| Stepping randomly (stuck).
  3649 | D:7      | 3649 ||| Stepping randomly (stuck).
  3650 | D:7      | 3650 ||| Stepping randomly (stuck).
  3651 | D:7      | 3651 ||| Stepping randomly (stuck).
  3652 | D:7      | 3652 ||| Stepping randomly (stuck).
  3653 | D:7      | 3653 ||| Stepping randomly (stuck).
  3654 | D:7      | 3654 ||| Stepping randomly (stuck).
  3655 | D:7      | 3655 ||| Stepping randomly (stuck).
  3656 | D:7      | 3656 ||| Stepping randomly (stuck).
  3657 | D:7      | 3657 ||| Stepping randomly (stuck).
  3658 | D:7      | 3658 ||| Stepping randomly (stuck).
  3659 | D:7      | 3659 ||| Stepping randomly (stuck).
  3660 | D:7      | 3660 ||| Stepping randomly (stuck).
  3661 | D:7      | 3661 ||| Stepping randomly (stuck).
  3662 | D:7      | 3662 ||| Stepping randomly (stuck).
  3663 | D:7      | 3663 ||| Stepping randomly (stuck).
  3664 | D:7      | 3664 ||| Stepping randomly (stuck).
  3665 | D:7      | 3665 ||| Stepping randomly (stuck).
  3666 | D:7      | 3666 ||| Stepping randomly (stuck).
  3667 | D:7      | 3667 ||| Stepping randomly (stuck).
  3668 | D:7      | 3668 ||| Stepping randomly (stuck).
  3669 | D:7      | 3669 ||| Stepping randomly (stuck).
  3670 | D:7      | 3670 ||| Stepping randomly (stuck).
  3671 | D:7      | 3671 ||| Stepping randomly (stuck).
  3672 | D:7      | 3672 ||| Stepping randomly (stuck).
  3673 | D:7      | 3673 ||| Stepping randomly (stuck).
  3674 | D:7      | 3674 ||| Stepping randomly (stuck).
  3675 | D:7      | 3675 ||| Stepping randomly (stuck).
  3676 | D:7      | 3676 ||| Stepping randomly (stuck).
  3677 | D:7      | 3677 ||| Stepping randomly (stuck).
  3678 | D:7      | 3678 ||| Stepping randomly (stuck).
  3679 | D:7      | 3679 ||| Stepping randomly (stuck).
  3680 | D:7      | 3680 ||| Stepping randomly (stuck).
  3681 | D:7      | 3681 ||| Stepping randomly (stuck).
  3682 | D:7      | 3682 ||| Stepping randomly (stuck).
  3683 | D:7      | 3683 ||| Stepping randomly (stuck).
  3684 | D:7      | 3684 ||| Stepping randomly (stuck).
  3685 | D:7      | 3685 ||| Stepping randomly (stuck).
  3686 | D:7      | 3686 ||| Stepping randomly (stuck).
  3687 | D:7      | 3687 ||| Stepping randomly (stuck).
  3688 | D:7      | 3688 ||| Stepping randomly (stuck).
  3689 | D:7      | 3689 ||| Stepping randomly (stuck).
  3690 | D:7      | 3690 ||| Stepping randomly (stuck).
  3691 | D:7      | 3691 ||| Stepping randomly (stuck).
  3692 | D:7      | 3692 ||| Stepping randomly (stuck).
  3693 | D:7      | 3693 ||| Stepping randomly (stuck).
  3694 | D:7      | 3694 ||| Stepping randomly (stuck).
  3695 | D:7      | 3695 ||| Stepping randomly (stuck).
  3696 | D:7      | 3696 ||| Stepping randomly (stuck).
  3697 | D:7      | 3697 ||| Stepping randomly (stuck).
  3698 | D:7      | 3698 ||| Stepping randomly (stuck).
  3699 | D:7      | 3699 ||| Stepping randomly (stuck).
  3700 | D:7      | 3700 ||| Stepping randomly (stuck).
  3701 | D:7      | 3701 ||| Stepping randomly (stuck).
  3702 | D:7      | 3702 ||| Stepping randomly (stuck).
  3703 | D:7      | 3703 ||| Stepping randomly (stuck).
  3704 | D:7      | 3704 ||| Stepping randomly (stuck).
  3705 | D:7      | 3705 ||| Stepping randomly (stuck).
  3706 | D:7      | 3706 ||| Stepping randomly (stuck).
  3707 | D:7      | 3707 ||| Stepping randomly (stuck).
  3708 | D:7      | 3708 ||| Stepping randomly (stuck).
  3709 | D:7      | 3709 ||| Stepping randomly (stuck).
  3710 | D:7      | 3710 ||| Stepping randomly (stuck).
  3711 | D:7      | 3711 ||| Stepping randomly (stuck).
  3712 | D:7      | 3712 ||| Stepping randomly (stuck).
  3713 | D:7      | 3713 ||| Stepping randomly (stuck).
  3714 | D:7      | 3714 ||| Stepping randomly (stuck).
  3715 | D:7      | 3715 ||| Stepping randomly (stuck).
  3716 | D:7      | 3716 ||| Stepping randomly (stuck).
  3717 | D:7      | 3717 ||| Stepping randomly (stuck).
  3718 | D:7      | 3718 ||| Stepping randomly (stuck).
  3719 | D:7      | 3719 ||| Stepping randomly (stuck).
  3720 | D:7      | 3720 ||| Stepping randomly (stuck).
  3721 | D:7      | 3721 ||| Stepping randomly (stuck).
  3722 | D:7      | 3722 ||| Stepping randomly (stuck).
  3723 | D:7      | 3723 ||| Stepping randomly (stuck).
  3724 | D:7      | 3724 ||| Stepping randomly (stuck).
  3725 | D:7      | 3725 ||| Stepping randomly (stuck).
  3726 | D:7      | 3726 ||| Stepping randomly (stuck).
  3727 | D:7      | 3727 ||| Stepping randomly (stuck).
  3728 | D:7      | 3728 ||| Stepping randomly (stuck).
  3729 | D:7      | 3729 ||| Stepping randomly (stuck).
  3730 | D:7      | 3730 ||| Stepping randomly (stuck).
  3731 | D:7      | 3731 ||| Stepping randomly (stuck).
  3732 | D:7      | 3732 ||| Stepping randomly (stuck).
  3733 | D:7      | 3733 ||| Stepping randomly (stuck).
  3734 | D:7      | 3734 ||| Stepping randomly (stuck).
  3735 | D:7      | 3735 ||| Stepping randomly (stuck).
  3736 | D:7      | 3736 ||| Stepping randomly (stuck).
  3737 | D:7      | 3737 ||| Stepping randomly (stuck).
  3738 | D:7      | 3738 ||| Stepping randomly (stuck).
  3739 | D:7      | 3739 ||| Stepping randomly (stuck).
  3740 | D:7      | 3740 ||| Stepping randomly (stuck).
  3741 | D:7      | 3741 ||| Stepping randomly (stuck).
  3742 | D:7      | 3742 ||| Stepping randomly (stuck).
  3743 | D:7      | 3743 ||| Stepping randomly (stuck).
  3744 | D:7      | 3744 ||| Stepping randomly (stuck).
  3745 | D:7      | 3745 ||| Stepping randomly (stuck).
  3746 | D:7      | 3746 ||| Stepping randomly (stuck).
  3747 | D:7      | 3747 ||| Stepping randomly (stuck).
  3748 | D:7      | 3748 ||| Stepping randomly (stuck).
  3749 | D:7      | 3749 ||| Stepping randomly (stuck).
  3750 | D:7      | 3750 ||| Stepping randomly (stuck).
  3751 | D:7      | 3751 ||| Stepping randomly (stuck).
  3752 | D:7      | 3752 ||| Stepping randomly (stuck).
  3753 | D:7      | 3753 ||| Stepping randomly (stuck).
  3754 | D:7      | 3754 ||| Stepping randomly (stuck).
  3755 | D:7      | 3755 ||| Stepping randomly (stuck).
  3756 | D:7      | 3756 ||| Stepping randomly (stuck).
  3757 | D:7      | 3757 ||| Stepping randomly (stuck).
  3758 | D:7      | 3758 ||| Stepping randomly (stuck).
  3759 | D:7      | 3759 ||| Stepping randomly (stuck).
  3760 | D:7      | 3760 ||| Stepping randomly (stuck).
  3761 | D:7      | 3761 ||| Stepping randomly (stuck).
  3762 | D:7      | 3762 ||| Stepping randomly (stuck).
  3763 | D:7      | 3763 ||| Stepping randomly (stuck).
  3764 | D:7      | 3764 ||| Stepping randomly (stuck).
  3765 | D:7      | 3765 ||| Stepping randomly (stuck).
  3766 | D:7      | 3766 ||| Stepping randomly (stuck).
  3767 | D:7      | 3767 ||| Stepping randomly (stuck).
  3768 | D:7      | Quit the game

Levels and vault maps discovered:
D:1:      dpeg_arrival_subterranean_lakeside_camping, layout_rooms,
          hellmonk_ecumenical_altar_watching_god
D:2:      layout_loops_cross, basic_altar
D:3:      layout_rooms, mainiacjoe_overflow_surrounded_room
D:4:      layout_gridville, vehumet_altar_wand_db
D:7:      layout_basic, old_standard_altar, mainiacjoe_overflow_small_starburst,
          uniq_menkaure, uniq_maggie

Skill      XL: |  1  2  3  4  5  6 |
---------------+-------------------+-----
Axes           | 2 3 4 5 6 |  6.2
Fighting       | 4 |  4.0
Dodging        | 1 |  1.1
Armour         | |  3.2
Shields        | |  3.2

Action                     |  1- 3 |  4- 6 |  7- 9 || total
---------------------------+-------+-------+-------++-------
  Melee: War axe           |    99 |   184 |       ||   283
    Use: Scroll            |     4 |     4 |       ||     8
         Potion            |     2 |       |       ||     2
 Armour: Scale mail        |    54 |    36 |       ||    90
         Chain mail        |       |    99 |       ||    99
  Dodge: Dodged            |    33 |   121 |       ||   154
  Block: Buckler           |    15 |    47 |       ||    62

Table legend:
 A = Non-vault XP
 B = Vault XP
 C = Vault XP percentage of total XP
 D = Non-vault monster count
 E = Vault monster count
 F = Vault count percentage of total count
                 A         B        C        D         E       F
            +---------+---------+-------+---------+---------+-------
      Total |     630 |      11 |   1.7 |      79 |       7 |   8.1
            +---------+---------+-------+---------+---------+-------
        D:1 |      31 |      10 |  24.4 |      19 |       6 |  24.0
        D:2 |      52 |       0 |   0.0 |      20 |       0 |   0.0
        D:3 |     141 |       0 |   0.0 |      21 |       0 |   0.0
        D:4 |      16 |       1 |   5.9 |       8 |       1 |  11.1
        D:7 |     390 |       0 |   0.0 |      11 |       0 |   0.0
            +---------+---------+-------+---------+---------+-------
